 Dungeon Crawl Stone Soup version 0.28-a0-297-g99b01970c5 (webtiles) character file.

Game seed: 7650294746725324369

211 Gargoyl the Skirmisher (level 5, -1/47 HPs)
             Began as a Gnoll Abyssal Knight on Aug 29, 2021.
             Was a Follower of Lugonu.
             Slain by Pikel (2 damage)
             ... on level 2 of the Dungeon.
             The game lasted 00:04:06 (3390 turns).

Gargoyl the Skirmisher (Gnoll Abyssal Knight)       Turns: 3390, Time: 00:04:07

Health: -1/47      AC:  6    Str: 13    XL:     5   Next: 88%
Magic:  8/8        EV: 10    Int: 13    God:    Lugonu [*.....]
Gold:   102        SH:  9    Dex: 11    Spells: 7/7 levels left

rFire   . . .      SeeInvis .   a - +1 hand axe
rCold   . . .      Faith    .   c - +0 buckler
rNeg    + . .      Spirit   .   g - +0 ring mail
rPois   .          Reflect  +   (no helmet)
rElec   .          Harm     .   (no cloak)
rCorr   .          Rampage  .   (no gloves)
Will    +....                   (no boots)
Stlth   +.........              h - amulet of reflection
HPRegen 0.15/turn               d - ring of positive energy
MPRegen 0.11/turn               b - ring of willpower

@: no status effects
A: fangs 1, strong nose, distributed training, clever 1, subdued magic 1
a: Renounce Religion, Depart the Abyss


You were on level 2 of the Dungeon.
You worshipped Lugonu.
Lugonu was aware of your devotion.
You visited 1 branch of the dungeon, and saw 4 of its levels.
You visited the Abyss 1 time.

You collected 102 gold pieces.

Inventory:

Hand Weapons
 a - a +1 hand axe (weapon)
Missiles
 e - 2 javelins (quivered)
Armour
 c - a +0 buckler (worn)
 g - a +0 ring mail (worn)
Jewellery
 b - a ring of willpower (right hand)
 d - a ring of positive energy (left hand)
 h - an amulet of reflection (around neck)
Scrolls
 i - a scroll of magic mapping {unknown}
 j - a scroll of silence {unknown}
 k - 2 scrolls of identify


   Skills:
 + Level 6.7 Fighting
 + Level 1.6 Short Blades
 + Level 1.6 Long Blades
 + Level 4.8 Axes
 + Level 1.6 Maces & Flails
 + Level 1.6 Polearms
 + Level 1.6 Staves
 + Level 1.6 Slings
 + Level 1.6 Bows
 + Level 1.6 Crossbows
 + Level 1.6 Throwing
 + Level 4.8 Armour
 + Level 3.1 Dodging
 + Level 1.6 Stealth
 + Level 1.6 Shields
 + Level 1.6 Unarmed Combat
 + Level 1.6 Spellcasting
 + Level 1.3 Conjurations
 + Level 1.3 Hexes
 + Level 1.3 Summonings
 + Level 1.3 Necromancy
 + Level 1.3 Translocations
 + Level 1.3 Transmutations
 + Level 1.3 Fire Magic
 + Level 1.3 Ice Magic
 + Level 1.3 Air Magic
 + Level 1.3 Earth Magic
 + Level 1.3 Poison Magic
 + Level 4.9 Invocations
 + Level 1.6 Evocations


You had 7 spell levels left.
You didn't know any spells.
Your spell library contained the following spells:

 Spells                   Type           Power      Damage    Failure   Level
 Sublimation of Blood     Necr           1%         N/A       47%         2
 Wereblood                Tmut           3%         N/A       47%         2
 Stone Arrow              Conj/Erth      6%         3d7       73%         3
 Bolt of Magma            Conj/Fire/Erth 1%         4d4       100%        5
 Summon Hydra             Summ           1%         N/A       100%        7
 Shatter                  Erth           1%         3d6*      100%        9


Dungeon Overview and Level Annotations

Branches:
Dungeon (4/15)
 Temple: D:4-7

Altars:

Annotations:
D:2 Pikel


Innate Abilities, Weirdness & Mutations

You have very sharp teeth.
Your uncanny sense of smell can sniff out nearby items.
Your experience applies equally to all skills.
Your mind is acute. (Int +2)
Your spells are a little easier to cast, but a little less powerful.


Message History

Pikel is moderately wounded.
Pikel barely misses you.
You hit Pikel.
Pikel is moderately wounded.
Pikel hits you with a +1 whip of flaming.
Pikel burns you.
You barely miss Pikel.
Pikel is moderately wounded.
Pikel hits you with a +1 whip of flaming.
Pikel burns you. Pikel closely misses you.
You barely miss Pikel.
Pikel is moderately wounded.
Pikel hits you with a +1 whip of flaming.
Pikel burns you.
You barely miss Pikel.
Pikel is moderately wounded.
Pikel hits you with a +1 whip of flaming!
Pikel burns you.
* * * LOW HITPOINT WARNING * * *
You hit Pikel but do no damage.
Pikel is moderately wounded.
Pikel hits you with a +1 whip of flaming.
* * * LOW HITPOINT WARNING * * *
Pikel burns you.
* * * LOW HITPOINT WARNING * * *
You hit Pikel but do no damage.
Pikel is moderately wounded.
Pikel hits you but does no damage.
Okay, then.
Throw: 3 javelins
Press: ? - help, Q - select action, (/) - cycle Shift-Dir - straight line, f - Pikel
Aim: Pikel, wielding a +1 whip of flaming and wearing a +0 robe (moderately wounded, 51% to hit)
You throw a javelin.
The javelin pierces through Pikel but does no damage.
Pikel is moderately wounded.
The javelin pierces through the lemure but does no damage.
Pikel hits you with a +1 whip of flaming.
* * * LOW HITPOINT WARNING * * *
Pikel burns you.
You die...

#.............#
#########.###.#.#######
..........# #.#.(.#
###.......# #.#..##
..#.......###.#..#
....#.#'#.##.....#
..#.#.#.#.......5#
+##.#.#<...#...#K#
..............>#@#
....#......#...#.#
.#.........#...#.########
....#...................#
.......##.#.......#######
....#..##.#....#..#
.#..#..##.#...##..#
..................#######
........................#


You could see Pikel and a lemure.

Vanquished Creatures
  A sky beast (D:3)
  A jelly (D:3)
  2 adders (D:2)
  A white imp (D:3)
  3 worms
  A dart slug (D:1)
  4 bats
  6 endoplasms
  A giant cockroach (D:1)
  7 hobgoblins
  8 kobolds
  3 quokkas
  3 ball pythons
  6 frilled lizards
  5 goblins
  2 rats (D:2)
54 creatures vanquished.

Notes
Turn   | Place    | Note
-------+----------+-------------------------------------------
     0 | Abyss:1  | Gargoyl the Gnoll Abyssal Knight began the quest for the
                  | Orb.
     0 | Abyss:1  | Reached XP level 1. HP: 23/23 MP: 3/3
    50 | Abyss:2  | Noticed a small abomination
    56 | Abyss:2  | Noticed a flayed ghost
    58 | D:1      | Escaped the Abyss
   340 | D:1      | Reached XP level 2. HP: 24/29 MP: 5/5
   492 | D:1      | Reached * piety under Lugonu
   948 | D:1      | Reached XP level 3. HP: 34/35 MP: 6/6
  1306 | D:2      | Reached skill level 1 in Short Blades
  1306 | D:2      | Reached skill level 1 in Long Blades
  1306 | D:2      | Reached skill level 1 in Maces & Flails
  1306 | D:2      | Reached skill level 1 in Polearms
  1306 | D:2      | Reached skill level 1 in Staves
  1306 | D:2      | Reached skill level 1 in Slings
  1306 | D:2      | Reached skill level 1 in Bows
  1306 | D:2      | Reached skill level 1 in Crossbows
  1306 | D:2      | Reached skill level 1 in Throwing
  1306 | D:2      | Reached skill level 1 in Stealth
  1306 | D:2      | Reached skill level 1 in Shields
  1306 | D:2      | Reached skill level 1 in Unarmed Combat
  1306 | D:2      | Reached skill level 1 in Spellcasting
  1306 | D:2      | Reached skill level 1 in Evocations
  1830 | D:2      | Reached XP level 4. HP: 41/41 MP: 7/7
  2075 | D:3      | Gained mutation: Your mind is acute. (Int +2) [potion of
                  | mutation]
  2075 | D:3      | Gained mutation: You have hidden genetic defects. [potion
                  | of mutation]
  2075 | D:3      | Gained mutation: You are robust. (+10% HP) [potion of
                  | mutation]
  2081 | D:3      | Lost mutation: You are robust. (+10% HP) [potion of
                  | mutation]
  2081 | D:3      | Lost mutation: You have hidden genetic defects. [potion of
                  | mutation]
  2081 | D:3      | Gained mutation: Your spells are a little easier to cast,
                  | but a little less powerful. [potion of mutation]
  2279 | D:3      | Noticed a sky beast
  2299 | D:3      | HP: 3/61 [sky beast (2)]
  2305 | D:3      | Killed a sky beast
  2306 | D:3      | Reached skill level 1 in Conjurations
  2306 | D:3      | Reached skill level 1 in Hexes
  2306 | D:3      | Reached skill level 1 in Summonings
  2306 | D:3      | Reached skill level 1 in Necromancy
  2306 | D:3      | Reached skill level 1 in Translocations
  2306 | D:3      | Reached skill level 1 in Transmutations
  2306 | D:3      | Reached skill level 1 in Fire Magic
  2306 | D:3      | Reached skill level 1 in Ice Magic
  2306 | D:3      | Reached skill level 1 in Air Magic
  2306 | D:3      | Reached skill level 1 in Earth Magic
  2306 | D:3      | Reached skill level 1 in Poison Magic
  2306 | D:3      | Reached XP level 5. HP: 5/47 MP: 8/8
  2786 | D:3      | Found a faded altar of an unknown god.
  3356 | D:4      | Noticed Pikel
  3356 | D:4      | Noticed a lemure
  3356 | D:4      | Noticed a lemure
  3356 | D:4      | Noticed a lemure
  3356 | D:4      | Noticed a lemure
  3390 | D:2      | HP: 1/47 [Pikel (6)]
  3390 | D:2      | Slain by Pikel

Illustrated notes

Levels and vault maps discovered:
D:1:      saegor_arrival_simple_b, layout_loops_ring
D:2:      layout_basic
D:3:      layout_rooms, ebering_ecumenical_altar_mist, serial_curves,
          eino_curves_04, eino_curves_04
D:4:      layout_loops_cross, gammafunk_ghost_split, uniq_ijyb, uniq_pikel

Skill      XL: |  1  2  3  4 |
---------------+-------------+-----
Short Blades   | 1 |  1.6
Long Blades    | 1 |  1.6
Maces & Flails | 1 |  1.6
Polearms       | 1 |  1.6
Staves         | 1 |  1.6
Slings         | 1 |  1.6
Bows           | 1 |  1.6
Crossbows      | 1 |  1.6
Throwing       | 1 |  1.6
Stealth        | 1 |  1.6
Shields        | 1 |  1.6
Unarmed Combat | 1 |  1.6
Spellcasting   | 1 |  1.6
Evocations     | 1 |  1.6
Dodging        | 3 |  3.1
Conjurations   | 1 |  1.3
Hexes          | 1 |  1.3
Summonings     | 1 |  1.3
Necromancy     | 1 |  1.3
Translocations | 1 |  1.3
Transmutations | 1 |  1.3
Fire Magic     | 1 |  1.3
Ice Magic      | 1 |  1.3
Air Magic      | 1 |  1.3
Earth Magic    | 1 |  1.3
Poison Magic   | 1 |  1.3
Fighting       | |  6.7
Axes           | |  4.8
Armour         | |  4.8
Invocations    | |  4.9

Action                   |  1- 3 |  4- 6 || total
-------------------------+-------+-------++-------
Melee: Hand axe          |    91 |   102 ||   193
       Bite              |     3 |     6 ||     9
Throw: Javelin           |       |     4 ||     4
Invok: Depart the Abyss  |     1 |       ||     1
  Use: Potion            |     1 |     5 ||     6
       Scroll            |     2 |     3 ||     5
 Stab: Sleeping          |       |     1 ||     1
Armor: Leather armour    |     9 |       ||     9
       Ring mail         |    19 |    20 ||    39
       Skin              |       |     4 ||     4
Dodge: Dodged            |    45 |    43 ||    88
Block: Buckler           |    12 |    47 ||    59
       Reflection        |     1 |     1 ||     2

Table legend: (Time is in decaauts)
 A = Elapsed time spent in this place.
 B = Non-inter-level travel time spent in this place.
 C = Inter-level travel time spent in this place.
 D = Time resting spent in this place.
 E = Time spent auto-exploring this place.
 F = Levels seen in this place.
 G = Mean time per level.
                   A        B        C        D        E       F      G
               +--------+--------+--------+--------+--------+-----+--------+
         Total |   3418 |   3367 |     51 |    394 |   2329 |   6 |  569.7 |
       Dungeon |   3361 |   3310 |     51 |    378 |   2327 |   4 |  840.2 |
         Abyss |     57 |     57 |      0 |     16 |      2 |   2 |   28.5 |
               +--------+--------+--------+--------+--------+-----+--------+

Top non-repeatable levels by time:
     D:3: 1326 daAuts
     D:1: 1156 daAuts
     D:2: 875 daAuts
 Abyss:2: 55 daAuts
     D:4: 3 daAuts
 Abyss:1: 2 daAuts
